 Dungeon Crawl Stone Soup version 0.30-a0-424-g7412bad402 (webtiles) character file.

Game seed: 13019319503342915130

529 cforsyth the Chopper (level 7, -2/93 HPs)
             Began as a Minotaur Berserker on Dec 10, 2022.
             Was a Believer of Trog.
             Slain by a gnoll
             ... wielding a +2 spear of venom
             ... led by a gnoll sergeant
              (8 damage)
             ... on level 4 of the Dungeon.
             The game lasted 00:04:42 (2912 turns).

cforsyth the Chopper (Minotaur Berserker)           Turns: 2912, Time: 00:04:43

Health: -2/93      AC:  3    Str: 26    XL:     7   Next: 3%
Magic:  6/6        EV: 13    Int:  8    God:    Trog [**....]
Gold:   180        SH:  0    Dex: 10    Spells: 6/6 levels left

rFire   + . .      SeeInvis .    a - +0 hand axe
rCold   + . .      Faith    .    (no shield)
rNeg    . . .      Spirit   .    b - +0 animal skin
rPois   .          Reflect  .    (helmet restricted)
rElec   .          Harm     .    c - +0 cloak
rCorr   .          Rampage  .    (no gloves)
Will    .....                    (no boots)
Stlth   ..........               h - amulet of the acrobat
HPRegen 0.35/turn                k - ring "Ixiboch" {rF+ rC+ Str+3 Int+4}
MPRegen 0.10/turn                (no ring)

@: berserking (expiring), lethally poisoned (-2 -> -5), very quick
A: horns 2, retaliatory headbutt
a: Renounce Religion, Berserk, Trog's Hand


You were on level 4 of the Dungeon.
You worshipped Trog.
Trog was pleased with you.
You visited 1 branch of the dungeon, and saw 4 of its levels.

You collected 180 gold pieces.

Inventory:

Hand Weapons
 a - a +0 hand axe (weapon)
Armour
 b - a +0 animal skin (worn)
 c - a +0 cloak (worn)
Jewellery
 d - a ring of fire
 h - an amulet of the acrobat (around neck)
 k - the ring "Ixiboch" (left hand) {rF+ rC+ Str+3 Int+4}
   (You found it on level 3 of the Dungeon)

   [ring of protection from cold]

   Str:       It affects your strength (+3).
   Int:       It affects your intelligence (+4).
   rF:        It protects you from fire.
   rC:        It protects you from cold.
Scrolls
 e - 2 scrolls of teleportation {unknown}
 f - a scroll of magic mapping {unknown}
 g - a scroll of poison {unknown}
 l - 3 scrolls of identify {unknown}
 m - a scroll of silence {unknown}
 n - a scroll of torment {unknown}
 o - a scroll of noise {unknown}
 p - a scroll of blinking {unknown}
Potions
 i - a potion of degeneration {unknown}
 j - a potion of attraction {unknown}
 q - a potion of haste {unknown}
 r - a potion of resistance {unknown}


   Skills:
 + Level 5.7 Fighting
 + Level 5.7 Axes
 + Level 5.0 Armour
 + Level 4.5 Dodging


You had 6 spell levels left.
You didn't know any spells.
Your spell library was empty.

Dungeon Overview and Level Annotations

Branches:
Dungeon (4/15)
 Temple: D:4-7

Altars:

Annotations:
D:2 Sigmund


Innate Abilities, Weirdness & Mutations

You have a pair of horns on your head.
You reflexively headbutt those who attack you in melee.


Message History

The gnoll sergeant completely misses you.
The gnoll completely misses you.
You see here a +0 flail.
You hit the gnoll sergeant.
The gnoll sergeant is lightly wounded.
The gnoll sergeant hits you with a +0 spear of freezing!
The gnoll sergeant freezes you.
The gnoll hits you from afar with a +2 spear of venom.
* * * LOW HITPOINT WARNING * * *
You are more poisoned.
You hit the gnoll sergeant.
Your headbutt misses the gnoll sergeant.
The gnoll sergeant is moderately wounded.
You feel sick. The gnoll sergeant blocks your attack.
Your headbutt misses the gnoll sergeant.
The gnoll sergeant blocks your attack.
The gnoll sergeant is moderately wounded.
You feel sick.
The gnoll sergeant hits you with a +0 spear of freezing!
* * * LOW HITPOINT WARNING * * *
The gnoll closely misses you.
You barely miss the gnoll sergeant.
The gnoll sergeant is moderately wounded.
You feel sick. The gnoll sergeant barely misses you.
The gnoll barely misses you.
You barely miss the gnoll sergeant.
Your headbutt misses the gnoll sergeant.
The gnoll sergeant is moderately wounded.
You feel sick.
Unknown command.
You slash the gnoll sergeant!
Your headbutt misses the gnoll sergeant.
The gnoll sergeant is heavily wounded.
The gnoll sergeant hits you with a +0 spear of freezing!
* * * LOW HITPOINT WARNING * * *
The gnoll sergeant freezes you.
* * * LOW HITPOINT WARNING * * *
The gnoll hits you from afar with a +2 spear of venom!
You die...

##########
#####.@gggg...
#...#.########
#.#.#.# #.#.#.#
#.#.#.#
#######.#.#.###
.............>#
#######.#.#.#.#
#.#.#.#.#


You could see a gnoll sergeant and 3 gnolls.

Vanquished Creatures
  An acid dragon (D:4)
  A black bear (D:3)
  An ogre (D:4)
  An orc priest (D:3)
  An iguana (D:4)
  An orc wizard (D:4)
  4 gnolls
  3 adders
  2 worms (D:3)
  A dart slug (D:3)
  14 orcs
  7 bats
  5 endoplasms
  3 giant cockroaches
  4 goblins
  4 hobgoblins
  4 jackals (D:3)
  4 ball pythons
  4 frilled lizards
  9 kobolds
  2 rats (D:1)
76 creatures vanquished.

Notes
Turn   | Place    | Note
-------+----------+-------------------------------------------
     0 | D:1      | cforsyth the Minotaur Berserker began the quest for the
                  | Orb.
     0 | D:1      | Reached XP level 1. HP: 19/19 MP: 0/0
   235 | D:1      | Reached XP level 2. HP: 27/27 MP: 1/1
   701 | D:2      | Noticed Sigmund
  1405 | D:3      | Reached XP level 3. HP: 30/33 MP: 2/2
  1476 | D:3      | Reached ** piety under Trog
  1477 | D:3      | Reached XP level 4. HP: 40/40 MP: 3/3
  1482 | D:3      | Identified the ring "Ixiboch" {rF+ rC+ Str+3 Int+4}
  1841 | D:3      | Noticed a black bear
  1850 | D:3      | Killed a black bear
  1851 | D:3      | Reached skill level 5 in Fighting
  1851 | D:3      | Reached skill level 5 in Axes
  1851 | D:3      | Reached XP level 5. HP: 43/48 MP: 4/4
  2524 | D:4      | Reached XP level 6. HP: 56/56 MP: 5/5
  2661 | D:4      | Noticed an acid dragon
  2667 | D:4      | Killed an acid dragon
  2668 | D:4      | Reached skill level 5 in Armour
  2668 | D:4      | Reached XP level 7. HP: 38/62 MP: 6/6
  2912 | D:4      | Slain by a gnoll

Illustrated notes

Levels and vault maps discovered:
D:1:      amcnicky_arrival_underground_garden, layout_basic, minmay_pentomino_w2
D:2:      layout_loops_corners, shapermc_ecumenical_altar_venn, uniq_natasha,
          uniq_sigmund
D:3:      layout_loops_cross
D:4:      layout_basic, gammafunk_temple_overflow_elements, roderic_lattice_a,
          corexii_leaking_fountain

Skill      XL: |  1  2  3  4  5  6 |
---------------+-------------------+-----
Axes           | 4 5 |  5.7
Fighting       | 4 5 |  5.7
Armour         | 3 4 5 |  5.0
Dodging        | 3 4 |  4.5

Action                   |  1- 3 |  4- 6 |  7- 9 || total
-------------------------+-------+-------+-------++-------
Melee: Hand axe          |    56 |    80 |    12 ||   148
       Headbutt          |     9 |     8 |     2 ||    19
       Punch             |       |     1 |       ||     1
Invok: Berserk           |       |     4 |     1 ||     5
 Stab: Sleeping          |     1 |       |       ||     1
Armor: Animal skin       |    15 |    12 |       ||    27
Dodge: Dodged            |    60 |    59 |     9 ||   128

Table legend: (Time is in decaauts)
 A = Elapsed time spent in this place.
 B = Non-inter-level travel time spent in this place.
 C = Inter-level travel time spent in this place.
 D = Time resting spent in this place.
 E = Time spent auto-exploring this place.
 F = Levels seen in this place.
 G = Mean time per level.
                   A        B        C        D        E       F      G
               +--------+--------+--------+--------+--------+-----+--------+
         Total |   2961 |   2902 |     59 |    319 |   2048 |   4 |  740.2 |
       Dungeon |   2961 |   2902 |     59 |    319 |   2048 |   4 |  740.2 |
               +--------+--------+--------+--------+--------+-----+--------+

Top non-repeatable levels by time:
     D:3: 1014 daAuts
     D:1: 948 daAuts
     D:4: 543 daAuts
     D:2: 454 daAuts
